 Dungeon Crawl Stone Soup version 0.24-a0-279-ga7546fe674 (webtiles) character file.

Game seed: 1643419639382948204

12675 JoanKharjo the Cruncher (level 11, -2/69 HPs)
             Began as a Demonspawn Wizard on May 1, 2019.
             Was a Believer of Hepliaklqana.
             Slain by a swamp worm (15 damage)
             ... on level 1 of the Lair of Beasts.
             The game lasted 01:12:24 (13260 turns).

JoanKharjo the Cruncher (Demonspawn Wizard)        Turns: 13260, Time: 01:12:27

Health: -2/69      AC: 10    Str: 11    XL:     11   Next: 65%
Magic:  20/20      EV: 10    Int: 22    God:    Hepliaklqana [**....]
Gold:   371        SH:  3    Dex: 14    Spells: 3/22 levels left

rFire    . . .     SeeInvis .   C - +3 quarterstaff (chaos)
rCold    + . .     Gourm    .   (shield currently unavailable)
rNeg     . . .     Faith    .   T - +0 ring mail {rC+}
rPois    .         Spirit   .   m - +0 helmet
rElec    .         Reflect  +   D - +2 cloak {+Inv}
rCorr    .         Harm     .   N - +0 pair of gloves
MR       .....                  (no boots)
Stlth    ++........             a - +3 amulet of reflection
HPRegen  0.21/turn              h - ring of flight
MPRegen  0.17/turn              r - +3 ring of strength

@: no status effects
A: reduced essence, talons 2, thin skeletal structure 1, demonic guardian 1,
foul stench 2, rot immunity
a: Recall Ancestor, Ancestor Identity, Renounce Religion, Evoke Invisibility,
Evoke Flight


You were on level 1 of the Lair of Beasts.
You worshipped Hepliaklqana.
Hepliaklqana was pleased with you.
You were not hungry.

You visited 3 branches of the dungeon, and saw 14 of its levels.

You collected 479 gold pieces.
You spent 108 gold pieces at shops.

Inventory:

Hand Weapons
 b - a +1 falchion of slicing
 C - a +3 quarterstaff of chaos (weapon)
 I - a +0 shortbow
Missiles
 e - 2 needles of confusion
 t - 141 arrows
Armour
 m - a +0 helmet (worn)
 D - a +2 cloak of invisibility (worn)
 N - a +0 pair of gloves (worn)
 O - +0 steam dragon scales
 T - a +0 ring mail of cold resistance (worn)
Magical Staves
 M - an uncursed staff of power
Jewellery
 a - a +3 amulet of reflection (around neck)
 h - a ring of flight (left hand)
 p - an uncursed ring of ice
 r - a +3 ring of strength (right hand)
Wands
 s - a wand of disintegration (2)
 B - a wand of iceblast (16)
 F - a wand of enslavement (21)
 R - a wand of paralysis (2)
Scrolls
 c - 6 scrolls of remove curse
 f - 2 scrolls of noise
 i - a scroll of enchant weapon
 j - 9 scrolls of teleportation
 k - a scroll of magic mapping {unknown}
 q - a scroll of fog {unknown}
 y - 4 scrolls of amnesia
 K - a scroll of random uselessness {unknown}
 Q - 2 scrolls of enchant armour
 S - a scroll of acquirement {unknown}
Potions
 g - a potion of curing
 l - 2 potions of magic
 n - 2 potions of flight
 o - 3 potions of berserk rage
 u - 2 potions of mutation
 w - 2 potions of agility
 x - 2 potions of ambrosia
 z - 3 potions of haste
 A - 3 potions of lignification
 E - a potion of invisibility {unknown}
 G - 2 potions of resistance {unknown}
 H - 5 potions of heal wounds
 J - a potion of brilliance {unknown}
 U - a potion of might {unknown}
Miscellaneous
 P - a fan of gales (inert)
Comestibles
 d - 21 rations


   Skills:
 - Level 4.0 Fighting
 - Level 8.5 Staves
 - Level 1.7 Dodging
 - Level 4.1 Stealth
 + Level 6.0 Spellcasting
 - Level 7.2 Conjurations
 - Level 4.0 Hexes
 - Level 7.0 Summonings
 - Level 2.3 Translocations
 * Level 1.5 Fire Magic
 - Level 6.7 Air Magic
 - Level 4.0 Evocations


You had 3 spell levels left.
You knew the following spells:

 Your Spells              Type           Power        Failure   Level  Hunger
a - Magic Dart            Conj           ####         1%          1    None
b - Blink                 Tloc           N/A          13%         2    None
c - Mephitic Cloud        Conj/Pois/Air  ####....     10%         3    #......
d - Conjure Flame         Conj/Fire      ####....     11%         3    #......
e - Summon Lightning Spi  Summ/Air       #####...     13%         4    ###....
f - Portal Projectile     Hex/Tloc       ###...       19%         3    #......
g - Inner Flame           Hex/Fire       ###.....     22%         3    #......

Your spell library contained the following spells:

 Spells                   Type           Power        Failure   Level  Hunger
 Shock                    Conj/Air       ####         1%          1    None
 Summon Small Mammal      Summ           ####         1%          1    None
 Call Imp                 Summ           #####...     1%          2    None
 Call Canine Familiar     Summ           #####...     3%          3    #......
 Static Discharge         Conj/Air       #####...     3%          3    #......
 Confusing Touch          Hex            ###...       4%          1    None
 Corona                   Hex            ###....      4%          1    None
 Slow                     Hex            ###.....     6%          2    None
 Summon Guardian Golem    Hex/Summ       ####....     7%          3    #......
 Swiftness                Chrm/Air       ###.....     9%          2    None
 Confuse                  Hex            ###.....     13%         3    #......
 Gell's Gravitas          Tloc           ###.......   26%         3    #......
 Airstrike                Air            #####.....   14%         4    ###....
 Lightning Bolt           Conj/Air       #####.....   34%         5    #####..
 Cause Fear               Hex            ###.......   38%         4    ###....
 Summon Ice Beast         Ice/Summ       ###.....     45%         4    ###....
 Leda's Liquefaction      Hex/Erth       ###.......   67%         4    ###....
 Petrify                  Tmut/Erth      #.......     91%         4    ###....
 Metabolic Englaciation   Hex/Ice        ###.......   95%         5    #####..
 Yara's Violent Unravell  Hex/Tmut       ###.......   95%         5    #####..


Dungeon Overview and Level Annotations

Branches:
Dungeon (12/15)            Temple (1/1) D:7            Lair (1/6) D:9
    Orc (0/2) D:11

Altars:
Ashenzari
Cheibriados
Dithmenos
Elyvilon
Fedhas
Gozag
Hepliaklqana
Kikubaaqudgha
Makhleb
Nemelex Xobeh
Okawaru
Qazlal
Ru
Sif Muna
Trog
Uskayaw
Vehumet
Wu Jian
Xom
Yredelemnul
Zin
The Shining One

Shops:
D:4 %   D:5 !   D:11 [


Innate Abilities, Weirdness & Mutations

You have razor-sharp toenails.
You have a somewhat thin skeletal structure. (Dex +2, Stealth)
A weak demonic guardian rushes to your aid.
You frequently emit foul miasma when damaged in melee.
You are immune to rotting.
Your life essence is reduced to manifest your ancestor. (-10% HP)


Message History

The swamp worm throws harpoon shot at you.
The harpoon shot misses you.
Unknown command.
Unknown command.
You thump the swamp worm!
The swamp worm is severely wounded.
A harpoon shot appears from out of your range of vision.
The harpoon shot hits your shadow imp!
Your shadow imp dies!
The swamp worm completely misses your iron imp.
The swamp worm bites you!
Unknown command.
The swamp worm bites you but does no damage.
The swamp worm throws harpoon shot at you.
The harpoon shot hits you!
You are yanked forward by the harpoon shot.
The swamp worm bites you!
* * * LOW HITPOINT WARNING * * *
Your iron imp hits the swamp worm.
The swamp worm bites you!
You die...

#.## ## ##.## #.# ##.## #.#
##.## #.# ##.###.# ##.#.#
### ### ##.#
##.##########.###.######
...............w@........
...####.....#.5w######...
.### #....†..w......# . ..#
#....†.........# ^.. .##
#......#####..#......
.######....................
...........................
.....####≈≈≈≈≈≈w..w........
.....# ≈≈≈≈≈≈≈≈≈≈..#.##...


You could see 3 swamp worms and a friendly iron imp.

Vanquished Creatures
  A hydra (D:12)
  4 two-headed ogres
  An unseen horror (D:10)
  A cyclops (D:11)
  A centaur zombie (D:7)
  A gargoyle (D:11)
  A troll (D:11)
  Grinder (D:3)
  2 hippogriffs (D:7)
  A shadow (D:11)
  A human (shapeshifter) (D:10)
  A steam dragon (D:12)
  A hungry ghost (D:10)
  A swamp worm (Lair:1)
  4 ice beasts
  A sky beast (D:6)
  3 orc warriors
  2 phantoms
  6 ogres
  4 centaurs
  2 wolves (Lair:1)
  A crocodile (D:10)
  A big kobold (D:7)
  A gnoll sergeant (D:9)
  3 bullfrogs
  A wyvern zombie (D:11)
  4 scorpions
  16 killer bees
  5 wights (D:7)
  2 howler monkeys
  2 bullfrog zombies
  A quasit (D:8)
  A crimson imp (D:5)
  A jelly (D:10)
  2 orc priests (D:11)
  Crazy Yiuf (D:3)
  5 hounds
  4 bullfrog skeletons
  4 centaur skeletons
  Ijyb (D:3)
  2 hexers
  3 iguanas
  3 orc wizards
  6 worker ants
  2 hound zombies
  A hound skeleton (D:6)
  A worker ant zombie (D:5)
  Robin (D:4)
  11 adders
  12 gnolls
  2 howler monkey skeletons
  4 shadow imps
  An ooze (D:5)
  6 adder skeletons
  An adder zombie (D:9)
  3 worms
  3 dart slugs
  3 leopard geckos
  30 orcs
  8 bats
  6 giant cockroaches
  16 goblins
  16 hobgoblins
  8 jackals
  16 kobolds
  6 quokkas
  4 ball pythons
  2 frilled lizards
  2 jackal skeletons (D:7)
  8 rats
283 creatures vanquished.

Vanquished Creatures (collateral kills)
  An unseen horror (D:11)
  A centaur skeleton (D:11)
  A hungry ghost (D:8)
  A swamp worm (Lair:1)
  A sky beast (D:12)
  2 ogres (D:6)
  A wolf (Lair:1)
  A gnoll sergeant (D:10)
  A wyvern zombie (D:12)
  2 scorpions
  6 killer bees
  A jelly (D:11)
  An orc wizard (D:9)
  A gnoll (D:9)
  2 adders (D:9)
  7 orcs
  2 kobolds (D:7)
32 creatures vanquished.

Vanquished Creatures (others)
  2 ancestors
  2 hexers
  4 plants (Lair:1)
8 creatures vanquished.

Grand Total: 323 creatures vanquished

Notes
Turn   | Place    | Note
-------+----------+-------------------------------------------
     0 | D:1      | JoanKharjo the Demonspawn Wizard began the quest for the
                  | Orb.
     0 | D:1      | Reached XP level 1. HP: 13/13 MP: 4/4
   230 | D:1      | Gained mutation: You have sharp toenails. [demonic
                  | ancestry]
   230 | D:1      | Reached XP level 2. HP: 19/19 MP: 3/6
   310 | D:1      | Learned a level 2 spell: Blink
  1068 | D:2      | Gained mutation: You have razor-sharp toenails. [demonic
                  | ancestry]
  1068 | D:2      | Reached XP level 3. HP: 19/24 MP: 1/7
  1374 | D:2      | Learned a level 3 spell: Mephitic Cloud
  1707 | D:2      | Noticed a scorpion
  1786 | D:2      | Gained mutation: You have a somewhat thin skeletal
                  | structure. (Dex +2, Stealth) [demonic ancestry]
  1786 | D:2      | Reached XP level 4. HP: 30/30 MP: 1/8
  2153 | D:3      | Found a runed translucent door.
  2154 | D:3      | Noticed Crazy Yiuf
  2212 | D:3      | Learned a level 3 spell: Conjure Flame
  2738 | D:3      | Noticed Grinder
  2798 | D:3      | Noticed Ijyb
  3218 | D:2      | Reached skill level 5 in Conjurations
  3218 | D:2      | Gained mutation: You are immune to rotting. [demonic
                  | ancestry]
  3218 | D:2      | Reached XP level 5. HP: 23/35 MP: 0/9
  3314 | D:4      | Noticed Robin
  3348 | D:4      | Killed Robin
  3582 | D:4      | Found Isookhloll's Food Shop.
  3590 | D:4      | Noticed an ogre
  3669 | D:4      | Killed an ogre
  3669 | D:4      | Reached XP level 6. HP: 38/41 MP: 0/11
  3776 | D:4      | Found a bloodstained altar of Trog.
  4112 | D:4      | Found an iron altar of Okawaru.
  4318 | D:3      | Paralysed by Grinder for 3 turns
  4324 | D:3      | Paralysed by Grinder for 5 turns
  4339 | D:3      | Killed Grinder
  4339 | D:3      | Reached skill level 5 in Spellcasting
  4339 | D:3      | Gained mutation: A weak demonic guardian rushes to your
                  | aid. [demonic ancestry]
  4339 | D:3      | Reached XP level 7. HP: 13/46 MP: 0/15
  4347 | D:3      | Learned a level 4 spell: Summon Lightning Spire
  4545 | D:3      | Killed Ijyb
  4807 | D:3      | Killed Crazy Yiuf
  4949 | D:5      | Entered Level 5 of the Dungeon
  5019 | D:5      | Found Rot Baff's Distillery.
  5027 | D:5      | Bought a potion of curing for 36 gold pieces
  5027 | D:5      | Bought a potion of flight for 36 gold pieces
  5027 | D:5      | Bought a potion of lignification for 36 gold pieces
  5164 | D:5      | Reached skill level 1 in Staves
  5696 | D:5      | Reached skill level 2 in Staves
  5718 | D:5      | Reached XP level 8. HP: 52/52 MP: 16/16
  6116 | D:6      | Reached skill level 5 in Summonings
  6302 | D:6      | Reached skill level 3 in Staves
  6542 | D:6      | Reached skill level 1 in Evocations
  6796 | D:7      | Found a shadowy altar of Dithmenos.
  6800 | D:7      | Noticed a hippogriff
  6822 | D:7      | Killed a hippogriff
  6822 | D:7      | Reached skill level 4 in Staves
  6934 | D:7      | Gained mutation: You may emit foul miasma when damaged in
                  | melee. [demonic ancestry]
  6934 | D:7      | Reached XP level 9. HP: 56/57 MP: 2/17
  7043 | D:7      | Reached skill level 1 in Translocations
  7426 | D:7      | Found a staircase to the Ecumenical Temple.
  7444 | Temple   | Entered the Ecumenical Temple
  8809 | D:8      | Noticed a two-headed ogre
  8824 | D:8      | HP: 1/57 [two-headed ogre/+0 giant club (13)]
  8825 | D:8      | Killed a two-headed ogre
  8825 | D:8      | Reached skill level 5 in Air Magic
  8825 | D:8      | Reached XP level 10. HP: 1/63 MP: 4/18
  9213 | D:8      | Found an ornate altar of the Wu Jian Council.
  9218 | D:8      | Found a stormy altar of Qazlal.
  9367 | D:8      | Noticed a two-headed ogre
  9381 | D:8      | Killed a two-headed ogre
  9760 | D:9      | Noticed a two-headed ogre
  9771 | D:9      | Killed a two-headed ogre
  9771 | D:9      | Reached skill level 5 in Staves
  9938 | D:9      | Found a hazy altar of Hepliaklqana.
  9947 | D:9      | Became a worshipper of Hepliaklqana the Forgotten
 10032 | D:9      | Reached skill level 6 in Staves
 10054 | D:9      | Found a snail-covered altar of Cheibriados.
 10276 | D:9      | Found a shimmering altar of Xom.
 10278 | D:9      | Found a shimmering altar of Xom.
 10279 | D:9      | Found a shimmering altar of Xom.
 10285 | D:9      | Found a shimmering altar of Xom.
 10285 | D:9      | Found a shimmering altar of Xom.
 10285 | D:9      | Found a shimmering altar of Xom.
 10382 | D:9      | Found a radiant altar of Vehumet.
 10389 | D:9      | Found a sparkling altar of Nemelex Xobeh.
 10508 | D:9      | Found a staircase to the Lair.
 10555 | D:9      | Found a deep blue altar of Sif Muna.
 10623 | D:9      | Noticed a harpy
 10703 | D:10     | Entered Level 10 of the Dungeon
 10765 | D:10     | Reached skill level 1 in Fighting
 10915 | D:10     | Reached * piety under Hepliaklqana
 10983 | D:10     | Killed an unseen horror
 10983 | D:10     | Reached skill level 7 in Staves
 11288 | D:10     | Gained mutation: You frequently emit foul miasma when
                  | damaged in melee. [demonic ancestry]
 11288 | D:10     | Reached XP level 11. HP: 67/67 MP: 15/19
 11516 | D:11     | Noticed a two-headed ogre
 11518 | D:11     | Reached skill level 8 in Staves
 11541 | D:11     | HP: 2/67 [cyclops/large rock (9)]
 11560 | D:11     | Killed a two-headed ogre
 11562 | D:11     | Found Solanomm's Antique Armour Emporium.
 11951 | D:11     | Learned a level 3 spell: Portal Projectile
 11955 | D:11     | Learned a level 3 spell: Inner Flame
 11972 | D:11     | Found a staircase to the Orcish Mines.
 11984 | D:11     | Reached skill level 1 in Hexes
 12149 | D:11     | Killed an unseen horror
 12227 | D:11     | Reached ** piety under Hepliaklqana
 12228 | D:11     | Remembered your ancestor KingKunta as a hexer
 12543 | D:12     | Noticed a six-headed hydra
 12543 | D:12     | Noticed a six-headed hydra
 12583 | D:12     | Killed a six-headed hydra
 13044 | Lair:1   | Entered Level 1 of the Lair of Beasts
 13087 | Lair:1   | Reached skill level 1 in Fire Magic
 13260 | Lair:1   | Slain by a swamp worm

Levels and vault maps discovered:
D:1:      mushboom_english_gardens, layout_loops_corners, due_unseen_surprise
D:2:      layout_rooms
D:3:      layout_basic, uniq_ijyb, uniq_crazy_yiuf_cottage, uniq_grinder
D:4:      layout_loops_ring, lightli_temple_of_fire, okawaru_altar_gauntlet_db,
          serial_shops, shop, first_ration, kennysheep_generic_room_11,
          uniq_robin
D:5:      layout_loops_corners, serial_shops, shop, kennysheep_generic_room_2
D:6:      layout_basic
D:7:      layout_basic, nicolae_dithmenos_the_darkroom,
          minmay_temple_entry_ruins, serial_glass, glass_columns_c,
          glass_columns_c
D:8:      layout_basic, minitemple
D:9:      layout_irregular_city, xom_shifter_show, led_sif_pool,
          nicolae_overflow_hidden_temple, lemuel_round_altar, lair_entry_dummy
D:10:     layout_roguey
D:11:     layout_long_grid, david_orc_2, serial_shops, nicolae_shop_waterfront
D:12:     layout_basic, serial_shops, nicolae_shop_overgrown_old_shop
Temple:   jpeg_temple_clearing
Lair:1:   layout_chaotic_city, worms_lemuel

Skill      XL: |  1  2  3  4  5  6  7  8  9 10 11 |
---------------+----------------------------------+-----
Conjurations   | 2 3 4 5 6 7 |  7.2
Spellcasting   | 5 6 |  6.0
Summonings     | 4 6 7 |  7.0
Staves         | 2 4 7 8 |  8.5
Evocations     | 3 4 |  4.0
Stealth        | 2 4 |  4.1
Translocations | 2 |  2.3
Air Magic      | 5 6 |  6.7
Fighting       | 3 4 |  4.0
Hexes          | 4 |  4.0
Fire Magic     | 1 |  1.5
Dodging        | |  1.7

Action                   |  1- 3 |  4- 6 |  7- 9 | 10-12 || total
-------------------------+-------+-------+-------+-------++-------
Melee: Unarmed           |     5 |       |       |       ||     5
       Short sword       |    52 |    17 |       |       ||    69
       Kick              |    12 |    21 |    38 |    45 ||   116
       Falchion          |       |    45 |    11 |       ||    56
       Quarterstaff      |       |       |   172 |   209 ||   381
 Cast: Magic Dart        |    83 |   131 |   218 |   115 ||   547
       Mephitic Cloud    |       |     1 |    10 |     7 ||    18
       Conjure Flame     |       |     1 |     9 |    10 ||    20
       Blink             |       |     1 |       |     3 ||     4
       Summon Lightning  |       |       |       |     7 ||     7
Invok: Recall Ancestor   |       |       |       |     3 ||     3
       Ancestor Identity |       |       |       |     2 ||     2
       Ancestor Life: He |       |       |       |     1 ||     1
Evoke: Wand              |       |     1 |    16 |    20 ||    37
       Fan of gales      |       |       |       |     1 ||     1
  Use: Scroll            |       |     4 |     7 |     6 ||    17
       Potion            |       |       |     3 |     1 ||     4
 Stab: Sleeping          |       |     3 |     6 |     4 ||    13
       Confused          |       |       |     4 |     8 ||    12
       Petrifying        |       |       |     2 |       ||     2
       Petrified         |       |       |     1 |       ||     1
       Distracted        |       |       |     1 |     3 ||     4
       Paralysed         |       |       |     1 |     2 ||     3
  Eat: Chunk             |     3 |     8 |    13 |    12 ||    36
       Ration            |       |       |       |     2 ||     2
Armor: Robe              |    19 |    14 |    55 |    27 ||   115
       Ring mail         |       |       |       |    42 ||    42
Dodge: Dodged            |    52 |    48 |   100 |   100 ||   300
Block: Other             |       |       |       |     5 ||     5
       Rpst.: Falchion   |       |    11 |     3 |       ||    14

Table legend:
 A = Non-vault XP
 B = Vault XP
 C = Vault XP percentage of total XP
 D = Non-vault monster count
 E = Vault monster count
 F = Vault count percentage of total count
                 A         B        C        D         E       F
            +---------+---------+-------+---------+---------+-------
      Total |   17114 |     994 |   5.5 |     282 |      31 |   9.9
            +---------+---------+-------+---------+---------+-------
        D:1 |      32 |       0 |   0.0 |      18 |       0 |   0.0
        D:2 |     166 |       0 |   0.0 |      28 |       0 |   0.0
        D:3 |      79 |     349 |  81.5 |      31 |       3 |   8.8
        D:4 |     279 |      49 |  14.9 |      16 |      18 |  52.9
        D:5 |     406 |      71 |  14.9 |      21 |       3 |  12.5
        D:6 |     927 |       0 |   0.0 |      15 |       0 |   0.0
        D:7 |    2234 |       0 |   0.0 |      40 |       0 |   0.0
        D:8 |    2557 |       0 |   0.0 |      20 |       0 |   0.0
        D:9 |    1521 |       0 |   0.0 |      29 |       0 |   0.0
       D:10 |    2377 |       0 |   0.0 |      28 |       0 |   0.0
       D:11 |    4717 |     267 |   5.4 |      26 |       5 |  16.1
       D:12 |    1463 |       0 |   0.0 |       7 |       0 |   0.0
     Lair:1 |     356 |     258 |  42.0 |       3 |       2 |  40.0
            +---------+---------+-------+---------+---------+-------
